 Dungeon Crawl Stone Soup version 0.29.1-13-g9f3cf754e1 (webtiles) character file.

Game seed: 17598985092804589922

3770 H0rd4k the Martial Artist (level 10, 0/68 HPs)
             Began as an Octopode Artificer on Feb 8, 2023.
             Was an Initiate of Gozag.
             Succumbed to a hornet's poison
             ... on level 9 of the Dungeon.
             The game lasted 00:12:11 (11344 turns).

H0rd4k the Martial Artist (Octopode Artificer)     Turns: 11344, Time: 00:12:12

Health: 0/68       AC:  3    Str: 18    XL:     10   Next: 16%
Magic:  30/30      EV: 13    Int: 18    God:    Gozag
Gold:   1747       SH:  0    Dex: 12    Spells: 23/23 levels left

rFire   . . .      SeeInvis .     - Unarmed
rCold   . . .      Faith    .   (no shield)
rNeg    . . .      Spirit   .   f - +2 hat
rPois   .          Reflect  .   i - amulet of magic regeneration
rElec   .          Harm     .   e - +6 ring of strength
rCorr   .          Rampage  .   u - ring of magical power
Will    .....                   (no ring)
Stlth   +++.......              (no ring)
HPRegen 0.21/turn               (no ring)
MPRegen 0.62/turn               (no ring)
                                (no ring)
                                (no ring)

@: lethally poisoned (0 -> -27), gold aura, slowed, very slow
A: almost no armour, amphibious, 8 rings, camouflage 1, gelatinous body 1,
(nimble swimmer 1), tentacles
a: Renounce Religion, Potion Petition, Call Merchant, Bribe Branch


You were on level 9 of the Dungeon.
You worshipped Gozag.
Gozag was most pleased with you.
You visited 2 branches of the dungeon, and saw 10 of its levels.

You collected 1814 gold pieces.
You paid 67 gold pieces to Gozag.

Inventory:

Missiles
 n - 7 poisoned darts
 x - 2 throwing nets
Armour
 f - a +2 hat (worn)
Jewellery
 e - a +6 ring of strength (left tentacle)
 i - an amulet of magic regeneration (around mantle)
 u - a ring of magical power (right tentacle)
Wands
 b - a wand of flame (3) (quivered)
 d - a wand of iceblast (10)
 j - a wand of polymorph (10)
 v - a wand of light (9)
Scrolls
 g - a scroll of enchant weapon
 m - 2 scrolls of vulnerability
 q - 3 scrolls of fear
 s - 2 scrolls of identify
 t - a scroll of immolation
 w - a scroll of enchant armour {unknown}
Potions
 a - 6 potions of attraction
 c - 3 potions of brilliance {unknown}
 k - 3 potions of curing {unknown}
 l - 2 potions of ambrosia {unknown}
 o - a potion of resistance
 p - a potion of cancellation {unknown}
 r - 2 potions of lignification {unknown}
 z - a potion of degeneration {unknown}


   Skills:
 - Level 6.1 Fighting
 + Level 0.4(0.6) Short Blades
 + Level 0.4(0.6) Long Blades
 + Level 0.4(0.9) Axes
 + Level 0.4(0.9) Maces & Flails
 + Level 0.7(1.0) Polearms
 + Level 0.7(1.0) Staves
 + Level 0.5 Ranged Weapons
 + Level 0.8 Throwing
 - Level 2.3 Dodging
 - Level 1.3 Stealth
 + Level 0.7 Shields
 - Level 8.6 Unarmed Combat
 * Level 7.3 Spellcasting
 + Level 1.3 Conjurations
 + Level 0.8 Hexes
 + Level 1.0 Summonings
 + Level 0.4 Necromancy
 + Level 0.7 Translocations
 + Level 0.6 Transmutations
 + Level 0.5 Fire Magic
 + Level 0.4 Ice Magic
 + Level 0.7 Air Magic
 + Level 0.5 Earth Magic
 + Level 1.0 Poison Magic
 + Level 0.9 Invocations
 - Level 3.2 Evocations


You had 23 spell levels left.
You didn't know any spells.
Your spell library contained the following spells:

 Spells                   Type           Power      Damage    Failure   Level
 Apportation              Tloc           18%        N/A       8%          1
 Freeze                   Ice            32%        1d5       9%          1
 Ensorcelled Hibernation  Hex/Ice        18%        N/A       12%         2
 Passwall                 Tmut/Erth      6%         N/A       12%         2
 Wereblood                Tmut           8%         N/A       12%         2
 Sublimation of Blood     Necr           8%         N/A       13%         2
 Inner Flame              Hex/Fire       9%         N/A       24%         3
 Swiftness                Air            9%         N/A       24%         3
 Frozen Ramparts          Ice            16%        1d3       26%         3
 Flame Wave               Conj/Fire      10%        2d6       56%         4
 Hailstorm                Conj/Ice       9%         3d4       56%         4
 Cause Fear               Hex            4%         N/A       58%         4
 Dispel Undead            Necr           8%         3d8       65%         4
 Borgnjor's Vile Clutch   Necr/Erth      4%         N/A       93%         5
 Death Channel            Necr           4%         N/A       100%        6
 Haunt                    Necr/Summ      4%         N/A       100%        7
 Summon Hydra             Summ           5%         N/A       100%        7
 Discord                  Hex            4%         N/A       100%        8
 Infestation              Necr           4%         N/A       100%        8
 Corpse Rot               Necr/Pois/Air  Unusable   N/A       N/A         4
 Animate Dead             Necr           Unusable   N/A       N/A         4

Dungeon Overview and Level Annotations

Branches:
Dungeon (9/15)             Temple (1/1) D:5
   Lair: D:8-11         Orc: D:9-12

Altars:
Cheibriados
Dithmenos
Gozag
Hepliaklqana
Kikubaaqudgha
Makhleb
Okawaru
Sif Muna
Trog
Uskayaw
Vehumet
Wu Jian
Yredelemnul
Zin
The Shining One

Annotations:
D:7 exclusion: hornet
D:8 2 transporters


Innate Abilities, Weirdness & Mutations

You cannot wear most types of armour.
You are amphibious.
You can wear up to eight rings at the same time.
Your skin changes colour to match your surroundings (Stealth+).
Your rubbery body absorbs attacks. (AC +1, EV +1)
((You are camouflaged when in or above water. (Stealth+)))
You have tentacles for arms and can constrict up to eight enemies at once.


Message History

You squeeze the hornet!
The hornet is moderately wounded.
The hornet closely misses you.
You tentacle-slap the hornet but do no damage.
Your grab misses the hornet.
The hornet is moderately wounded.
The hornet closely misses you. The hornet stings you.
You feel yourself slow down.
You tentacle-slap the hornet. You grab the hornet. You squeeze the hornet.
The hornet is heavily wounded.
You constrict the hornet. The hornet stings you!
You are poisoned.
You feel as though you will be slow longer.
The hornet stings you!
You suddenly lose the ability to move!
You lose your grip on the hornet.
You feel very sick. The hornet completely misses you.
You feel very sick. The hornet stings you!
You are more poisoned.
You feel as though you will be slow longer.
The hornet barely misses you.
You can move again.
You tentacle-slap the hornet. You grab the hornet.
You tentacle-slap the hornet, but do no damage.
You squeeze the hornet!
The hornet is almost dead.
You constrict the hornet.
You feel very sick. The hornet stings you!
* * * LOW HITPOINT WARNING * * *
You are more poisoned.
You feel as though you will be slow longer.
Aiming: Throw Flame
Press: ? - help, Shift-Dir - straight line, f - hornet
Aim: a hornet (almost dead, constricted by you, 83% to hit)
The puff of flame misses the hornet.
You constrict the hornet.
You kill the hornet!
You die...
Your body crumbles into a pile of gold.

...........#
...........# #..#
...........# #..#
...........####..#
..............#..#
..............#..#
..............#..# #..
#########..#####$##.....
................@.......
.....................###
........................
........................
########################


There were no monsters in sight!

Vanquished Creatures
  Pikel (D:5)
  3 hornets
  2 humans (D:8)
  Edmund (D:5)
  Menkaure (D:5)
  Duvessa (D:5)
  An orc warrior (D:7)
  A sky beast (D:8)
  3 black bears
  3 phantoms
  A lemure (D:5)
  A kobold brigand (D:9)
  3 bullfrogs
  2 necrophages (D:6)
  6 wights (D:8)
  2 howler monkeys
  8 hounds
  A gnoll bouda (D:5)
  4 orc priests
  2 iguanas
  2 orc wizards
  6 gnolls
  4 adders
  2 white imps
  3 worms
  2 dart slugs
  17 orcs
  7 endoplasms
  3 giant cockroaches
  4 goblins
  6 hobgoblins
  4 jackals
  3 quokkas
  8 ball pythons
  7 bats
  3 frilled lizards
  14 kobolds
  4 rats
146 creatures vanquished.

Vanquished Creatures (collateral kills)
  Dowan (D:5)
  6 gnolls
  4 orcs
11 creatures vanquished.

Vanquished Creatures (others)
  A human (D:5)
  A gnoll sergeant (D:8)
  An adder (D:5)
  24 plants (D:1)
27 creatures vanquished.

Grand Total: 184 creatures vanquished

Notes
Turn   | Place    | Note
-------+----------+-------------------------------------------
     0 | D:1      | H0rd4k the Octopode Artificer began the quest for the Orb.
     0 | D:1      | Reached XP level 1. HP: 13/13 MP: 1/1
   305 | D:1      | Found a faded altar of an unknown god.
   311 | D:1      | Got Plato's Precepts of Dramatic Exits
   685 | D:1      | Reached XP level 2. HP: 16/19 MP: 2/2
   698 | D:1      | Reached skill level 1 in Spellcasting
  1179 | D:1      | Reached XP level 3. HP: 22/24 MP: 4/4
  2203 | D:2      | Reached skill level 1 in Unarmed Combat
  2544 | D:3      | Reached XP level 4. HP: 20/30 MP: 6/6
  2680 | D:3      | Reached skill level 2 in Unarmed Combat
  2680 | D:3      | Reached XP level 5. HP: 9/36 MP: 6/8
  3021 | D:3      | Identified the +0 cloak "Inual" {Fly Int+2}
  4194 | D:4      | Noticed a phantom
  4208 | D:4      | Killed a phantom
  4209 | D:4      | Reached skill level 3 in Unarmed Combat
  4209 | D:4      | Reached XP level 6. HP: 40/43 MP: 9/9
  4237 | D:4      | Found a glowing silver altar of Zin.
  4492 | D:4      | Found an ornate altar of the Wu Jian Council.
  4946 | D:5      | Entered Level 5 of the Dungeon
  4951 | D:5      | Identified a scroll of acquirement
  4954 | D:5      | Acquired 1039 gold pieces
  4971 | D:5      | Reached skill level 4 in Unarmed Combat
  5159 | D:5      | Noticed Edmund
  5230 | D:5      | Noticed Menkaure
  5235 | D:5      | Killed Menkaure
  5236 | D:5      | Reached XP level 7. HP: 19/48 MP: 11/11
  5479 | D:5      | Reached skill level 5 in Unarmed Combat
  6079 | D:5      | Noticed Dowan
  6081 | D:5      | Noticed Duvessa
  6106 | D:5      | Killed Dowan
  6107 | D:5      | Reached XP level 8. HP: 54/54 MP: 13/13
  6115 | D:5      | Noticed Pikel
  6400 | D:5      | Reached skill level 6 in Unarmed Combat
  6406 | D:5      | Found a staircase to the Ecumenical Temple.
  6422 | D:5      | Killed Edmund
  6433 | Temple   | Entered the Ecumenical Temple
  6438 | Temple   | Became a worshipper of Gozag Ym Sagoz the Greedy
  6453 | D:5      | Killed Duvessa
  6454 | D:5      | Reached skill level 5 in Fighting
  6744 | D:5      | Killed Pikel
  6745 | D:5      | Reached skill level 7 in Unarmed Combat
  7040 | D:5      | Found an ancient bone altar of Kikubaaqudgha.
  7271 | D:6      | Reached skill level 8 in Unarmed Combat
  7271 | D:6      | Reached XP level 9. HP: 56/62 MP: 15/15
  8069 | D:6      | Found a bloodstained altar of Trog.
  8268 | D:7      | Noticed a hornet
  8392 | D:7      | Reached skill level 5 in Spellcasting
  8852 | D:8      | Noticed a hornet
  8860 | D:8      | Killed a hornet
  8873 | D:8      | Found a shadowy altar of Dithmenos.
  8942 | D:8      | Reached skill level 1 in Conjurations
  9122 | D:7      | Got the Spellbook of Mortification and the Salvo
  9155 | D:7      | Identified the +1 robe "Icod" {-Tele rC++ Int+5}
  9414 | D:7      | Paralysed by a hornet for 3 turns
  9418 | D:7      | HP: 3/62 [poisoned by a hornet]
  9706 | D:8      | Found an iron altar of Okawaru.
 10032 | D:8      | Reached skill level 1 in Summonings
 10145 | D:8      | Found a transporter.
 10177 | D:8      | Noticed a hornet
 10209 | D:8      | Found a radiant altar of Vehumet.
 10274 | D:8      | Found a transporter.
 10308 | D:8      | Reached skill level 1 in Poison Magic
 10308 | D:8      | Reached XP level 10. HP: 59/68 MP: 20/20
 10499 | D:8      | Found a transporter.
 10972 | D:8      | Found a transporter.
 11340 | D:9      | Paralysed by a hornet for 3 turns
 11344 | D:9      | Succumbed to a hornet's poison

Illustrated notes

Levels and vault maps discovered:
D:1:      roderic_crop_circles_arrival_small, layout_basic,
          shapermc_ecumenical_altar_rom_forum
D:2:      layout_basic, serial_park_tiny_1
D:3:      layout_loops_ring
D:4:      layout_basic, old_standard_altar, nicolae_wu_jian_immortal_techniques
D:5:      layout_basic, tgw_kikubaaqudgha, minmay_temple_entry_wispy,
          uniq_edmund, uniq_duvessa, uniq_menkaure, uniq_pikel
D:6:      layout_loops_ring, marbit_many_paths, dreamdust_princess_bridge
D:7:      layout_gridville, serial_glass, glass_columns_a, glass_columns_b
D:8:      layout_loops_ring, okawaru_humans, nicolae_vehumet_radiance,
          mainiacjoe_overflow_brackets, nicolae_diode_intersection
D:9:      layout_grid_maze, mainiacjoe_overflow_alcove_1, enter_bailey_2,
          uniq_psyche
Temple:   nicolae_temple_ecumenical_triangle

Skill      XL: |  1  2  3  4  5  6  7  8  9 10 |
---------------+-------------------------------+-----
Fighting       | 2 3 4 5 6 |  6.1
Spellcasting   | 1 2 3 4 6 7 |  7.3
Unarmed Combat | 1 2 3 4 5 8 |  8.6
Conjurations   | 1 |  1.3
Summonings     | 1 |  1.0
Poison Magic   | 1 |  1.0
Short Blades   | |  0.4
Long Blades    | |  0.4
Axes           | |  0.4
Maces & Flails | |  0.4
Polearms       | |  0.7
Staves         | |  0.7
Ranged Weapons | |  0.5
Throwing       | |  0.8
Dodging        | |  2.3
Stealth        | |  1.3
Shields        | |  0.7
Hexes          | |  0.8
Necromancy     | |  0.4
Translocations | |  0.7
Transmutations | |  0.6
Fire Magic     | |  0.5
Ice Magic      | |  0.4
Air Magic      | |  0.7
Earth Magic    | |  0.5
Invocations    | |  0.9
Evocations     | |  3.2

Action                   |  1- 3 |  4- 6 |  7- 9 | 10-12 || total
-------------------------+-------+-------+-------+-------++-------
Melee: Unarmed           |   105 |   118 |   162 |    29 ||   414
       Constrict         |    29 |    33 |    36 |     7 ||   105
       Tentacles         |    19 |    25 |    38 |     9 ||    91
       Punch             |     3 |     9 |    12 |     2 ||    26
Evoke: Wand              |     1 |    14 |    44 |     3 ||    62
  Use: Scroll            |       |     8 |     4 |     3 ||    15
       Potion            |       |       |     2 |       ||     2
 Stab: Sleeping          |     8 |     7 |     9 |       ||    24
Armor: Skin              |    22 |    16 |     7 |     3 ||    48
Dodge: Dodged            |    73 |    68 |    68 |    11 ||   220
